 Dungeon Crawl Stone Soup version 0.16-a0-3807-g3748f16 (console) character file.

110 MrRokkomies the Skirmisher (level 4, -1/49 HPs)
             Began as an Ogre Skald on Jan 28, 2015.
             Slain by a sky beast (5 damage)
             ... on level 3 of the Dungeon.
             The game lasted 00:07:41 (1970 turns).

MrRokkomies the Skirmisher (Ogre Skald)             Turns: 1970, Time: 00:07:41

Health: -1/49      AC:  3    Str: 17    XL:     4   Next: 91%
Magic:  8/8        EV: 10    Int: 11    God:
Gold:   136        SH:  0    Dex: 10    Spells: 2 memorised, 4 levels left

rFire  . . .     SeeInvis .     a - +1 whip (elec)
rCold  . . .     Clarity  .     b - +0 robe
rNeg   . . .     SustAb   .     (shield restricted)
rPois  .         Gourm    .     (helmet restricted)
rElec  .         Spirit   .     (no cloak)
rCorr  .         Warding  .     (gloves unavailable)
rMut   .         Stasis   .     (boots unavailable)
MR     .....                    (no amulet)
Stlth  +.........               (no ring)
                                (no ring)

@: not resistant to hostile enchantments, very unstealthy
A: unfitting armour, tough skin 1
a: no special abilities


You were on level 3 of the Dungeon.
You were hungry.

You visited 1 branch of the dungeon, and saw 3 of its levels.

You collected 136 gold pieces.

Inventory:

Hand weapons
 a - a +1 whip of electrocution (weapon)
 h - a +0 morningstar
Missiles
 j - 43 stones (quivered)
Armour
 b - a +0 robe (worn)
Scrolls
 e - a scroll of recharging
 n - 2 scrolls of identify
Potions
 f - 2 potions of might
 k - a potion of heal wounds
 l - a potion of lignification
 m - a potion of haste {unknown}
 o - 2 potions of resistance {unknown}
Books
 c - a book of Battle

   Spells                             Type                      Level
   a - Infusion                       Charms                       1
   b - Shroud of Golubria             Charms/Translocation         2
   c - Song of Slaying                Charms                       2
   d - Spectral Weapon                Hexes/Charms                 3
   e - Regeneration                   Charms/Necromancy            3
Comestibles
 d - 3 meat rations
 g - a beef jerky
 i - a bread ration


   Skills:
 * Level 4.5 Fighting
 * Level 4.5 Maces & Flails
 - Level 0.7 Armour
 + Level 2.0 Dodging
 - Level 2.4 Spellcasting
 - Level 2.1 Charms


You had 4 spell levels left.
You knew the following spells:

 Your Spells              Type           Power        Failure   Level  Hunger
a - Infusion              Chrm           #.....       14%         1    ##.....
b - Shroud of Golubria    Chrm/Tloc      #.........   30%         2    ###....


Dungeon Overview and Level Annotations

Branches:
Dungeon (3/15)

Altars:


Innate Abilities, Weirdness & Mutations

You are too large for most types of armour.
You have tough skin (AC +1).


Message History

You hit the sky beast.
The sky beast is moderately wounded.
The sky beast hits you. The sky beast shocks you.
You hit the sky beast.
The sky beast is heavily wounded.
The sky beast hits you. The sky beast shocks you.
You closely miss the sky beast.
The sky beast is heavily wounded.
The sky beast hits you.
* * * LOW HITPOINT WARNING * * *
The sky beast shocks you.
* * * LOW HITPOINT WARNING * * *
You barely miss the sky beast.
The sky beast is heavily wounded.
You hit the sky beast.
The sky beast is heavily wounded.
The sky beast hits you.
* * * LOW HITPOINT WARNING * * *
The sky beast shocks you.
You die...

....)........# ##(
................(...
##.##.###......#...
##.##.# #..... .(..
...##.###..# #(.
##.........# #..
...........###.#.#
#..##.###......#Y#
#..##.###.#.####@#
..........#.# #.#
#..##..[....####.#
#..########......#
#[.# #.###### ...#
#.# #..###### #.#
............#
#.####### ###


You could see a sky beast.

Vanquished Creatures
  An orc wizard (D:2)
  An adder (D:2)
  A giant mite (D:3)
  2 worms
  3 giant geckos (D:2)
  5 orcs
  2 ball pythons (D:2)
  6 bats
  3 giant cockroaches
  5 goblins
  2 hobgoblins
  7 kobolds
  A quokka (D:2)
  5 giant newts
  6 rats
50 creatures vanquished.

Notes
Turn   | Place    | Note
--------------------------------------------------------------
     0 | D:1      | MrRokkomies, the Ogre Skald, began the quest for the Orb.
     0 | D:1      | Reached XP level 1. HP: 22/22 MP: 3/3
    83 | D:1      | Reached skill level 1 in Dodging
   162 | D:1      | Reached skill level 3 in Fighting
   256 | D:1      | Reached XP level 2. HP: 25/31 MP: 5/5
   638 | D:1      | Learned a level 2 spell: Shroud of Golubria
   675 | D:2      | Reached XP level 3. HP: 22/37 MP: 6/6
  1348 | D:2      | Reached skill level 4 in Fighting
  1591 | D:2      | Reached XP level 4. HP: 36/48 MP: 8/8
  1941 | D:3      | Noticed a sky beast
  1970 | D:3      | Slain by a sky beast

Action                   |  1- 3 |  4- 6 || total
-------------------------+-------+-------++-------
Melee: Mace              |    74 |       ||    74
       Whip              |    70 |    59 ||   129
Throw: Stone             |       |    10 ||    10
 Cast: Shroud of Golubri |     1 |     3 ||     4
       Infusion          |     1 |     1 ||     2
  Use: Scroll            |     8 |       ||     8
       Potion            |     1 |     2 ||     3
  Eat: Chunk             |     2 |     1 ||     3
